Map: Submarine LE

Players

goblin

  • Race: Protoss Protoss
  • League: Master
  • Spawn Location: 11:00

Reynor - Winner!

  • Race: Zerg Zerg
  • Spawn Location: 5:00

Event: DreamHack SC2 Masters 2020 Summer Europe

VOD

Have the link to the VOD?

Description

Time

  • Played on: June 27, 2020, 10:37 a.m.
  • Length: 7:23

All games in this series

Show
View Real Time Build Order
Export as new Build Order

goblin Protoss 

Build Orders: Blink Stalkers 

Get SALT Encoding   

  12  0:00  Probe  
  13  0:12  Probe  
  14  0:17  Pylon  
  14  0:23  Probe  
  15  0:31  Probe  
  15  0:37  Gateway  
  15  0:39  Probe  
  16  0:46  Assimilator  
  17  0:51  Probe  
  18  1:03  Probe  
  19  1:15  Probe  
  20  1:24  Cybernetics Core  
  20  1:25  Zealot  
  22  1:31  Pylon  
  23  1:45  Nexus  
  22  1:51  Stalker  
  22  1:52  Probe  
  25  2:06  Gateway  
  25  2:25  Warp Gate, Probe  
  25  2:27  Assimilator  
  27  2:37  Probe  
  27  2:47  Probe  
  28  2:52  Adept  
  28  2:53  Probe  
  28  2:55  Probe  
  31  3:01  Probe  
  31  3:03  Twilight Council, Probe  
  32  3:10  Probe  
  34  3:15  Probe  
  34  3:18  Probe  
  36  3:22  Robotics Facility  
  36  3:26  Probe  
  37  3:30  Probe  
  37  3:33  Blink  
  37  3:34  Pylon  
  39  3:38  Probe  
  40  3:42  Probe  
  41  3:50  Probe  
  41  3:54  Probe  
  43  3:59  Gateway x2  
  43  4:02  Probe  
  44  4:05  Gateway  
  44  4:08  Gateway  
  44  4:22  Warp Prism  
  44  4:23  Stalker x2, Probe x2  
  48  4:24  Assimilator, Pylon  
  50  4:39  Probe  
  51  4:52  Stalker x2  
  55  4:56  Pylon  
  55  4:59  Observer, Shield Battery  
  56  5:00  Stalker x2  
  56  5:02  Stalker  
  62  5:14  Pylon  
  62  5:21  Stalker x3  
  62  5:25  Stalker  
  68  5:43  Stalker  
  68  5:44  Stalker  
  68  5:46  Assimilator  
  72  5:52  Stalker x2, Pylon  
  76  5:57  Observer  
  76  6:08  Stalker  
  76  6:10  Stalker x2  
  82  6:14  Pylon  
  76  6:43  Stalker x4  
  76  6:44  Stalker x2  
  80  7:01  Pylon  
  80  7:07  Stalker x3  
  80  7:08  Stalker x3  
Show
View Real Time Build Order
Export as new Build Order

Reynor Zerg - Winner!

Build Orders: Pool First 

Get SALT Encoding   

  12  0:00  Drone  
  13  0:12  Overlord  
  13  0:16  Drone  
  14  0:31  Drone  
  15  0:36  Spawning Pool  
  15  0:40  Drone  
  15  0:43  Drone  
  15  0:48  Drone  
  17  1:08  Hatchery  
  16  1:22  Zergling x6  
  19  1:27  Queen  
  21  1:34  Overlord  
  21  1:44  Drone  
  21  1:46  Extractor  
  21  1:55  Drone  
  22  2:03  Queen  
  22  2:05  Drone  
  25  2:19  Drone  
  25  2:22  Drone  
  26  2:28  Drone  
  27  2:32  Drone  
  27  2:34  Overlord  
  27  2:36  Drone x2  
  30  2:41  Drone  
  30  2:43  Drone  
  31  2:49  Pneumatized Carapace  
  31  2:53  Drone x2  
  33  3:03  Hatchery  
  33  3:05  Drone  
  33  3:07  Drone  
  34  3:13  Drone  
  34  3:15  Overlord  
  34  3:17  Drone  
  36  3:33  Drone x4, Queen  
  42  3:35  Overlord  
  42  3:38  Metabolic Boost  
  42  3:40  Zergling x2  
  43  3:42  Zergling x2  
  44  3:51  Overlord  
  44  3:53  Drone x2  
  44  3:54  Drone x2  
  48  3:56  Drone  
  48  3:58  Drone  
  50  4:05  Overlord  
  50  4:09  Queen  
  51  4:12  Drone, Spore Crawler  
  51  4:15  Zergling x2  
  52  4:19  Drone x4  
  52  4:21  Drone  
  58  4:26  Zergling x2  
  58  4:27  Roach Warren  
  58  4:29  Queen  
  58  4:31  Zergling x2  
  61  4:37  Zergling x4  
  63  4:39  Spine Crawler  
  63  4:42  Overlord x2  
  62  4:48  Overlord  
  62  4:53  Spine Crawler  
  62  4:57  Overlord  
  61  5:01  Zergling x2  
  61  5:02  Zergling x12  
  61  5:05  Zergling x6  
  61  5:06  Zergling x2  
  72  5:12  Roach  
  72  5:13  Roach  
  76  5:15  Roach  
  81  5:21  Roach, Zergling x4  
  81  5:23  Overlord  
  81  5:25  Roach, Zergling x2  
  85  5:33  Roach  
  86  5:36  Roach, Zergling x2  
  86  5:39  Overlord  
  86  5:41  Drone x3  
  86  5:42  Drone x2  
  94  5:43  Spore Crawler  
  94  5:44  Spore Crawler x2  
  94  5:45  Drone  
  94  5:48  Extractor  
  94  5:49  Extractor  
  90  5:52  Ravager x2  
  90  5:53  Roach, Zergling x2  
  95  5:59  Roach, Zergling x2  
  98  6:04  Zergling x2  
  98  6:09  Queen  
  98  6:10  Overlord x2  
  101  6:11  Overlord  
  101  6:17  Zergling x6  
  104  6:24  Zergling x4  
  104  6:28  Zergling x4  
  104  6:29  Zergling x4  
  104  6:30  Zergling x2  
  104  6:31  Zergling x4  
  104  6:32  Zergling x2  
  107  6:36  Zergling x2  
  107  6:39  Zergling x2  
  107  6:42  Zergling x2  
  107  6:44  Ravager x2  
  107  6:47  Zergling x6  
  107  6:52  Zergling x6  
  107  6:53  Zergling x2  
  110  6:56  Zergling x2  
  110  6:57  Zergling x2  
  110  7:00  Zergling x8  
  116  7:05  Zergling x2  
Tags
 
Add a new tag
Caveats
  • Supply blocks, unpowered buildings, or Contaminate may cause inaccurate times.
  • Supply counts are checked every 10 seconds.